| TOP OF THE 1ST |
|
Burlington Senators batting - Pitching for Winston-Salem Spirits : LHP Fernando Gonzales
|
|
Pitching: LHP Fernando Gonzales
|
|
|
Batting: RHB Raymond Bresnahan
|
0-0: Ball 1-0: Called Strike 1-1: Foul Ball, location: 2F 1-2: Ball 2-2: Ball 3-2: Strikes out swinging
|
|
Batting: LHB Daniel Spain
|
0-0: Ball 1-0: Called Strike 1-1: Fly out, F7 (Line Drive, 7, EV 91.9 MPH)
|
|
Batting: RHB Dave Keller
|
0-0: Called Strike 0-1: Foul Ball, location: 2F 0-2: Ball 1-2: Ball 2-2: Foul Ball, location: 2F 2-2: Ball 3-2: Base on Balls
|
|
Batting: RHB Michael Spinozzi
|
0-0: Ball 1-0: Ball 2-0: Ball 3-0: Foul Ball, location: 2F 3-1: Base on Balls Dave Keller to second
|
|
Batting: RHB Joseph Lorenz
|
0-0: Ball 1-0: Called Strike 1-1: Ball 2-1: Ball 3-1: Foul Ball, location: 2F 3-2: Strikes out swinging
|
| Top of the 1st over - 0 runs, 0 hits, 0 errors, 2 left on base; Burlington 0 - Winston-Salem 0 |
| BOTTOM OF THE 1ST |
|
Winston-Salem Spirits batting - Pitching for Burlington Senators : RHP Erik Hendricks
|
|
Pitching: RHP Erik Hendricks
|
|
|
Batting: SHB Mark Wiesler
|
0-0: Fly out, F9 (Flyball, 9D, EV 90.6 MPH)
|
|
Batting: RHB Greg Griffin
|
0-0: Ball 1-0: Foul Ball, location: 2F 1-1: Swinging Strike 1-2: Strikes out swinging
|
|
Batting: RHB Oscar Mejia
|
0-0: Ball 1-0: Ground out 6-3 (Groundball, 6, EV 90.6 MPH)
|
| Bottom of the 1st over - 0 runs, 0 hits, 0 errors, 0 left on base; Burlington 0 - Winston-Salem 0 |
| TOP OF THE 2ND |
|
Burlington Senators batting - Pitching for Winston-Salem Spirits : LHP Fernando Gonzales
|
|
Batting: RHB Glenn Millhauser
|
0-0: Ball 1-0: Foul Ball, location: 2F 1-1: Swinging Strike 1-2: Strikes out looking
|
|
Batting: LHB Jesus Sandoval
|
0-0: Called Strike 0-1: Ball 1-1: Ball 2-1: Ground out 6-3 (Groundball, 56D, EV 111.9 MPH)
|
|
Batting: RHB Ronnie Mears
|
0-0: Foul Ball, location: 2F 0-1: Ball 1-1: Foul Ball, location: 2F 1-2: SINGLE (Line Drive, 34D, EV 109.4 MPH)
|
|
Batting: RHB Brad Bauman
|
0-0: Ball 1-0: Foul Ball, location: 2F 1-1: Foul Ball, location: 2F 1-2: Foul Ball, location: 2F 1-2: Fielders Choice at 2nd, 5-4 (Groundball, 56, EV 87.5 MPH)
|
| Top of the 2nd over - 0 runs, 1 hit, 0 errors, 1 left on base; Burlington 0 - Winston-Salem 0 |
| BOTTOM OF THE 2ND |
|
Winston-Salem Spirits batting - Pitching for Burlington Senators : RHP Erik Hendricks
|
|
Batting: LHB Michael Ward
|
0-0: Ball 1-0: Swinging Strike 1-1: Ball 2-1: Foul Ball, location: 2F 2-2: Ball 3-2: Ground out 6-3 (Groundball, 56, EV 78.8 MPH)
|
|
Batting: RHB Elijah Ben
|
0-0: Called Strike 0-1: Foul Ball, location: 2F 0-2: Foul Ball, location: 2F 0-2: Fly out, F8 (Flyball, 8LS, EV 73.8 MPH)
|
|
Batting: RHB Larry Reasonover
|
0-0: Called Strike 0-1: Ball 1-1: Swinging Strike 1-2: Strikes out swinging
|
| Bottom of the 2nd over - 0 runs, 0 hits, 0 errors, 0 left on base; Burlington 0 - Winston-Salem 0 |
| TOP OF THE 3RD |
|
Burlington Senators batting - Pitching for Winston-Salem Spirits : LHP Fernando Gonzales
|
|
Batting: RHB Raymond Bresnahan
|
0-0: Fly out, F9 (Flyball, 89D, EV 98.1 MPH)
|
|
Batting: LHB Daniel Spain
|
0-0: Ground out 6-3 (Groundball, 56, EV 102.5 MPH)
|
|
Batting: RHB Dave Keller
|
0-0: Swinging Strike 0-1: Called Strike 0-2: Ball 1-2: Ball 2-2: Strikes out looking
|
| Top of the 3rd over - 0 runs, 0 hits, 0 errors, 0 left on base; Burlington 0 - Winston-Salem 0 |
| BOTTOM OF THE 3RD |
|
Winston-Salem Spirits batting - Pitching for Burlington Senators : RHP Erik Hendricks
|
|
Batting: RHB Paul Niggebrugge
|
0-0: Ball 1-0: Ball 2-0: Ball 3-0: Base on Balls
|
|
Batting: RHB Ell Roberson
|
0-0: Ball 1-0: Grounds into double play, 4-6-3 (Groundball, 4, EV 97.5 MPH)
|
|
Batting: RHB Venson Davis
|
0-0: Called Strike 0-1: Ball 1-1: Foul Ball, location: 2F 1-2: SINGLE (Line Drive, 8RM, EV 91.9 MPH)
|
|
Batting: SHB Mark Wiesler
|
0-0: Called Strike 0-1: SINGLE (Line Drive, 4MD, EV 103.8 MPH) Venson Davis to second Runner from 2nd tries for 3rd, SAFE, no throw by CF
|
|
Batting: RHB Greg Griffin
|
0-0: Called Strike 0-1: Ball 1-1: Ground out 4-3 (Groundball, 34, EV 106.9 MPH)
|
| Bottom of the 3rd over - 0 runs, 2 hits, 0 errors, 2 left on base; Burlington 0 - Winston-Salem 0 |
| TOP OF THE 4TH |
|
Burlington Senators batting - Pitching for Winston-Salem Spirits : LHP Fernando Gonzales
|
|
Batting: RHB Michael Spinozzi
|
0-0: Ball 1-0: Foul Ball, location: 2F 1-1: Ball 2-1: Called Strike 2-2: Fly out, F9 (Flyball, 9LM, EV 84.4 MPH)
|
|
Batting: RHB Joseph Lorenz
|
0-0: Ball 1-0: Reached on error, E5 (Groundball, 56, EV 96.9 MPH)
|
|
Batting: RHB Glenn Millhauser
|
0-0: Ball 1-0: Called Strike 1-1: Ball Passed Ball! Joseph Lorenz to second 2-1: Ball 3-1: Base on Balls
|
|
Batting: LHB Jesus Sandoval
|
0-0: Ball 1-0: Ball 2-0: Ball 3-0: Base on Balls Joseph Lorenz to third Glenn Millhauser to second
|
|
Batting: RHB Ronnie Mears
|
0-0: Ball 1-0: Grounds into fielders choice 6-2 (Groundball, 6, EV 87.5 MPH) Glenn Millhauser to third Jesus Sandoval to second
|
|
Batting: RHB Brad Bauman
|
0-0: Called Strike 0-1: Ball 1-1: Swinging Strike 1-2: Foul Ball, location: 2F 1-2: Ground out 4-3 (Groundball, 4, EV 85.6 MPH)
|
| Top of the 4th over - 0 runs, 0 hits, 1 error, 3 left on base; Burlington 0 - Winston-Salem 0 |
| BOTTOM OF THE 4TH |
|
Winston-Salem Spirits batting - Pitching for Burlington Senators : RHP Erik Hendricks
|
|
Batting: RHB Oscar Mejia
|
0-0: Called Strike 0-1: Fly out, F6 (Flyball, 56D, EV 84.4 MPH)
|
|
Batting: LHB Michael Ward
|
0-0: Called Strike 0-1: Ball 1-1: Ball 2-1: Ball 3-1: Called Strike 3-2: Base on Balls
|
|
Batting: RHB Elijah Ben
|
0-0: Ball 1-0: Ball 2-0: Foul Ball, location: 2F 2-1: Foul Ball, location: 2F 2-2: Ball 3-2: Fielders Choice at 2nd, 4-6 (Groundball, 4, EV 86.3 MPH)
|
|
Batting: RHB Larry Reasonover
|
0-0: Called Strike Elijah Ben steals 2nd base 0-1: Ground out 5-3 (Groundball, 56, EV 87.5 MPH)
|
| Bottom of the 4th over - 0 runs, 0 hits, 0 errors, 1 left on base; Burlington 0 - Winston-Salem 0 |
| TOP OF THE 5TH |
|
Burlington Senators batting - Pitching for Winston-Salem Spirits : LHP Fernando Gonzales
|
|
Batting: RHB Raymond Bresnahan
|
0-0: Ball 1-0: Ball 2-0: Ball 3-0: Called Strike 3-1: TRIPLE (Flyball, 9LD, EV 104.4 MPH)
|
|
Batting: LHB Daniel Spain
|
0-0: Ball 1-0: Fly out, F8 (Flyball, 8RD, EV 83.1 MPH) Runner from 3rd tags up, SCORES, throw by CF
|
|
Batting: RHB Dave Keller
|
0-0: DOUBLE (Line Drive, 9LD, EV 114.4 MPH)
|
|
Batting: RHB Michael Spinozzi
|
0-0: Called Strike 0-1: Ball 1-1: Called Strike 1-2: Ground out 4-3 (Groundball, 4M, EV 83.8 MPH) Dave Keller to third
|
|
Batting: RHB Joseph Lorenz
|
0-0: Called Strike 0-1: Ball 1-1: Ball Wild Pitch! Dave Keller scores 2-1: Fly out, F9 (Flyball, 9S, EV 95.6 MPH)
|
| Top of the 5th over - 2 runs, 2 hits, 0 errors, 0 left on base; Burlington 2 - Winston-Salem 0 |
| BOTTOM OF THE 5TH |
|
Winston-Salem Spirits batting - Pitching for Burlington Senators : RHP Erik Hendricks
|
|
Batting: RHB Paul Niggebrugge
|
0-0: Ball 1-0: Fly out, F8 (Flyball, 8RM, EV 90.0 MPH)
|
|
Batting: RHB Ell Roberson
|
0-0: Called Strike 0-1: Swinging Strike 0-2: Ball 1-2: Foul Ball, location: 2F 1-2: Ball 2-2: Ball 3-2: Base on Balls
|
|
Batting: RHB Venson Davis
|
0-0: Ball 1-0: Called Strike 1-1: Ball 2-1: Fly out, F9 (Flyball, 89M, EV 84.4 MPH)
|
|
Batting: SHB Mark Wiesler
|
0-0: Called Strike 0-1: Ball 1-1: Swinging Strike 1-2: Ball 2-2: Fly out, F2 (Popup, 2LF, EV 94.4 MPH)
|
| Bottom of the 5th over - 0 runs, 0 hits, 0 errors, 1 left on base; Burlington 2 - Winston-Salem 0 |
| TOP OF THE 6TH |
|
Burlington Senators batting - Pitching for Winston-Salem Spirits : LHP Fernando Gonzales
|
|
Batting: RHB Glenn Millhauser
|
0-0: Called Strike 0-1: Bunt missed! 0-2: Ball 1-2: Ball 2-2: Ball 3-2: Base on Balls
|
|
Batting: LHB Jesus Sandoval
|
0-0: Ball 1-0: Called Strike 1-1: Ball 2-1: Called Strike 2-2: Grounds into double play, 6-4-3 (Groundball, 6, EV 88.8 MPH)
|
|
Batting: RHB Ronnie Mears
|
0-0: Ball 1-0: Ball 2-0: Foul Ball, location: 2F 2-1: Fly out, F8 (Line Drive, 8RM, EV 97.5 MPH)
|
| Top of the 6th over - 0 runs, 0 hits, 0 errors, 0 left on base; Burlington 2 - Winston-Salem 0 |
| BOTTOM OF THE 6TH |
|
Winston-Salem Spirits batting - Pitching for Burlington Senators : RHP Erik Hendricks
|
|
Batting: RHB Greg Griffin
|
0-0: Foul Ball, location: 2F 0-1: Foul Ball, location: 2F 0-2: Fly out, F9 (Flyball, 89S, EV 81.3 MPH)
|
|
Batting: RHB Oscar Mejia
|
0-0: Swinging Strike 0-1: Ball 1-1: Ball 2-1: Fly out, F6 (Line Drive, 6, EV 62.5 MPH)
|
|
Batting: LHB Michael Ward
|
0-0: Called Strike 0-1: Ball 1-1: Foul Ball, location: 2F 1-2: Strikes out swinging
|
| Bottom of the 6th over - 0 runs, 0 hits, 0 errors, 0 left on base; Burlington 2 - Winston-Salem 0 |
| TOP OF THE 7TH |
|
Burlington Senators batting - Pitching for Winston-Salem Spirits : LHP Fernando Gonzales
|
|
Batting: RHB Brad Bauman
|
0-0: Foul Ball, location: 2F 0-1: Ground out 5-3 (Groundball, 56, EV 99.4 MPH)
|
|
Batting: RHB Raymond Bresnahan
|
0-0: Ball 1-0: Ball 2-0: Ball 3-0: Called Strike 3-1: Base on Balls
|
|
Batting: LHB Daniel Spain
|
0-0: Called Strike 0-1: Foul Ball, location: 2F 0-2: Ball 1-2: Ball 2-2: Foul Ball, location: 2F 2-2: Ball 3-2: Fly out, F6 (Flyball, 56D, EV 86.9 MPH)
|
|
Batting: RHB Dave Keller
|
0-0: Foul Ball, location: 2F 0-1: Called Strike 0-2: Foul Ball, location: 2F 0-2: Ball Raymond Bresnahan is caught stealing 2nd base 2-4
|
| Top of the 7th over - 0 runs, 0 hits, 0 errors, 0 left on base; Burlington 2 - Winston-Salem 0 |
| BOTTOM OF THE 7TH |
|
Winston-Salem Spirits batting - Pitching for Burlington Senators : RHP Erik Hendricks
|
|
Batting: RHB Elijah Ben
|
0-0: Ball 1-0: Foul Ball, location: 2F 1-1: DOUBLE (Line Drive, 8LD, EV 100.0 MPH)
|
|
Batting: RHB Larry Reasonover
|
0-0: Swinging Strike 0-1: Ball 1-1: Ball 2-1: SINGLE (Line Drive, 5D, EV 95.6 MPH) Elijah Ben to third Runner from 3rd tries for Home, SAFE, throw by LF to home
|
|
Batting: RHB Paul Niggebrugge
|
0-0: Ball 1-0: Called Strike 1-1: Ball 2-1: Foul Ball, location: 2F 2-2: Ball 3-2: Fly out, F9 (Flyball, 9LM, EV 81.9 MPH)
|
|
Pinch Hitting: RHB Joe Stalp
|
0-0: Ball 1-0: SINGLE (Groundball, 56, EV 95.0 MPH) Larry Reasonover to second
|
|
Batting: RHB Venson Davis
|
0-0: Grounds into double play, 5-4-3 (Groundball, 56, EV 83.8 MPH)
|
| Bottom of the 7th over - 1 run, 3 hits, 0 errors, 1 left on base; Burlington 2 - Winston-Salem 1 |
| TOP OF THE 8TH |
|
Burlington Senators batting - Pitching for Winston-Salem Spirits : LHP Fernando Gonzales
|
|
Now in CF: James Poff
|
|
|
Batting: RHB Dave Keller
|
0-0: Ball 1-0: Swinging Strike 1-1: Ball 2-1: Ball 3-1: Foul Ball, location: 2F 3-2: Foul Ball, location: 2F 3-2: DOUBLE (Line Drive, 8LXD, EV 106.3 MPH)
|
|
Batting: RHB Michael Spinozzi
|
0-0: Intentional Walk
|
|
Pitching: RHP Craig Bricker
|
|
|
Batting: RHB Joseph Lorenz
|
0-0: Ball 1-0: Fielders Choice at 2nd, 4-6 (Groundball, 4, EV 88.1 MPH) Dave Keller to third
|
|
Batting: RHB Glenn Millhauser
|
0-0: Swinging Strike 0-1: Ball 1-1: Called Strike 1-2: Ball 2-2: Strikes out looking
|
|
Batting: LHB Jesus Sandoval
|
0-0: Ball 1-0: Ball 2-0: Foul Ball, location: 2F 2-1: Foul Ball, location: 2F 2-2: Ball 3-2: Base on Balls Joseph Lorenz to second
|
|
Batting: RHB Ronnie Mears
|
0-0: Foul Ball, location: 2F 0-1: Fly out, F7 (Flyball, 78S, EV 94.4 MPH)
|
| Top of the 8th over - 0 runs, 1 hit, 0 errors, 3 left on base; Burlington 2 - Winston-Salem 1 |
| BOTTOM OF THE 8TH |
|
Winston-Salem Spirits batting - Pitching for Burlington Senators : RHP Erik Hendricks
|
|
Batting: SHB Mark Wiesler
|
0-0: Ground out 4-3 (Groundball, 4, EV 95.6 MPH)
|
|
Batting: RHB Greg Griffin
|
0-0: Ball 1-0: Fly out, F3 (Line Drive, 3, EV 69.4 MPH)
|
|
Batting: RHB Oscar Mejia
|
0-0: Ground out 6-3 (Groundball, 56, EV 99.4 MPH)
|
| Bottom of the 8th over - 0 runs, 0 hits, 0 errors, 0 left on base; Burlington 2 - Winston-Salem 1 |
| TOP OF THE 9TH |
|
Burlington Senators batting - Pitching for Winston-Salem Spirits : RHP Craig Bricker
|
|
Pitching: RHP Rusty Shelton
|
|
|
Batting: RHB Brad Bauman
|
0-0: Ground out 2-3 (Groundball, 2L, EV 71.3 MPH)
|
|
Batting: RHB Raymond Bresnahan
|
0-0: Ball 1-0: Ball 2-0: Called Strike 2-1: Ground out 6-3 (Groundball, 6, EV 102.5 MPH)
|
|
Batting: LHB Daniel Spain
|
0-0: Ground out 3-1 (Groundball, 34, EV 80.6 MPH)
|
| Top of the 9th over - 0 runs, 0 hits, 0 errors, 0 left on base; Burlington 2 - Winston-Salem 1 |
| BOTTOM OF THE 9TH |
|
Winston-Salem Spirits batting - Pitching for Burlington Senators : RHP Erik Hendricks
|
|
Pitching: RHP Paul Boris
|
|
|
Batting: LHB Michael Ward
|
0-0: Foul Ball, location: 2F 0-1: Foul Ball, location: 2F 0-2: Ball 1-2: Fly out, F9 (Flyball, 89XD, EV 91.3 MPH)
|
|
Batting: RHB Elijah Ben
|
0-0: Fly out, F2 (Popup, 23F, EV 85.6 MPH)
|
|
Batting: RHB Larry Reasonover
|
0-0: Ball 1-0: Ball 2-0: Fly out, F4 (Line Drive, 4, EV 68.8 MPH)
|
| Bottom of the 9th over - 0 runs, 0 hits, 0 errors, 0 left on base; Burlington 2 - Winston-Salem 1 |
|